 Dungeon Crawl Stone Soup version 0.30-a0-1103-g25895a7845 (webtiles) character file.

Game seed: 5585078240984398717

79 demibob the Covered (level 4, -7/32 HPs)
             Began as a Demonspawn Wanderer on Apr 18, 2023.
             Splashed by a jelly's acid (12 damage)
             ... on level 5 of the Dungeon.
             The game lasted 00:02:10 (1704 turns).

demibob the Covered (Demonspawn Wanderer)           Turns: 1704, Time: 00:02:10

Health: -7/32      AC:  8    Str: 16    XL:     4   Next: 17%
Magic:  5/5        EV:  7    Int: 14    God:
Gold:   102        SH:  0    Dex: 10    Spells: 4/5 levels left

rFire   . . .      SeeInvis .    a - +0 falchion
rCold   . . .      Faith    .    (no shield)
rNeg    . . .      Spirit   .    d - +0 chain mail
rPois   .          Reflect  .    (no helmet)
rElec   .          Rampage  .    (no cloak)
rCorr   .                        (no gloves)
Will    .....                    (no boots) Stlth
                                 (no amulet)
HPRegen 0.25/turn                (no ring)
MPRegen 0.09/turn                (no ring)

@: mighty, corroded, attractive
A: molten scales 2, spiny 1
a: no special abilities


You were on level 5 of the Dungeon.
You visited 1 branch of the dungeon, and saw 4 of its levels.

You collected 102 gold pieces.


Innate Abilities, Weirdness & Mutations

You are mostly covered in molten scales. (AC +3)
You are partially covered in sharp spines.


   Skills:
 - Level 1.0 Fighting
 * Level 2.3 Long Blades
 - Level 3.7 Armour
 - Level 1.0 Spellcasting
 - Level 2.0 Hexes
 - Level 3.0 Evocations


You had 4 spell levels left.
You knew the following spells:

 Your Spells              Type           Power      Damage    Failure   Level
s - Slow                  Hex            24%        N/A       78%         1

Your spell library contained the following spells:

 Spells                   Type           Power      Damage    Failure   Level
 Tukima's Dance           Hex            6%         N/A       98%         3

Inventory:

Hand Weapons
 a - a +0 falchion (weapon)
 h - a +0 club
Armour
 d - a +0 chain mail (worn)
Wands
 b - a wand of flame (6)
Scrolls
 f - a scroll of teleportation {unknown}
 i - a scroll of blinking
Potions
 c - 2 potions of lignification
 e - a potion of attraction
 j - a potion of resistance {unknown}
 m - a potion of berserk rage {unknown}

Dungeon Overview and Level Annotations

Branches:
Dungeon (3/15)

Altars:

##+ .... .....
§.....####
#....oJ.################
##..§oo@.....)..........
#...o.))...............
#......................
#......................
#......................
#......................
#......................
#......................
...>..................


You could see a jelly, an orc wizard and 3 orcs.


Message History

The orc closely misses you.
An orc comes into view. It is wielding a +0 short sword.
The orc is attracted toward you.
The orc shouts!
You hit the jelly.
Your hands burn!
The jelly is lightly wounded.
You hear a shout!
The jelly is struck by your spines. The jelly hits you.
You are splashed with acid!
* * * LOW HITPOINT WARNING * * *
An orc comes into view. It is wielding a +0 dagger.
The orc is attracted toward you. The jelly attacks as you move away!
The jelly hits you but does no damage. The orc is struck by your spines.
The orc completely misses you.
You feel better. The orc is struck by your spines. The orc barely misses you.
The jelly hits you.
You are splashed with acid!
* * * LOW HITPOINT WARNING * * *
It was a potion of might.
You feel very mighty all of a sudden. The jelly is struck by your spines.
The jelly closely misses you. The orc wizard is attracted toward you.
The orc is attracted toward you.
You slash the jelly!
Your hands burn!
* * * LOW HITPOINT WARNING * * *
The jelly is almost dead.
The orc is struck by your spines.
You kill the orc!
The jelly hits you.
* * * LOW HITPOINT WARNING * * *
The acid corrodes you!
You are splashed with acid!
You die...

Skill      XL: |  1  2  3 |
---------------+----------+-----
Armour         | 3 |  3.7
Long Blades    | 1 2 |  2.3
Fighting       | |  1.0
Spellcasting   | |  1.0
Hexes          | |  2.0
Evocations     | |  3.0

Action                     |  1- 3 |  4- 6 || total
---------------------------+-------+-------++-------
  Melee: Falchion          |   105 |    16 ||   121
         Club              |     7 |       ||     7
    Use: Scroll            |     3 |     1 ||     4
         Potion            |       |     3 ||     3
 Armour: Chain mail        |    59 |    11 ||    70
  Dodge: Dodged            |    38 |     8 ||    46

Levels and vault maps discovered:
D:1:      dpeg_arrival_short_road, layout_loops_ring, reono_crystal_passage
D:2:      layout_basic, minmay_misc_feat_nine_boxes, kennysheep_generic_room_15
D:3:      layout_basic, mainiacjoe_overflow_alcove_2,
          hellmonk_ecumenical_altar_crossroads, interstate_on_off
D:5:      layout_basic, kennysheep_potato, uniq_blork_the_orc

Notes
Turn   | Place    | Note
-------+----------+-------------------------------------------
     0 | D:1      | demibob the Demonspawn Wanderer began the quest for the
                  | Orb.
     0 | D:1      | demibob set off with the following items: a +0 club, a wand
                  | of flame (6), a potion of lignification, a +0 chain mail;
                  | and the following spell memorised: Slow; and the following
                  | spells available to memorise: Tukima's Dance.
     0 | D:1      | Reached XP level 1. HP: 15/15 MP: 2/2
   146 | D:1      | Reached skill level 3 in Armour
   146 | D:1      | Gained mutation: You are partially covered in sharp spines.
                  | [demonic ancestry]
   146 | D:1      | Reached XP level 2. HP: 20/21 MP: 3/3
   178 | D:1      | Reached skill level 1 in Long Blades
   593 | D:1      | Gained mutation: You are partially covered in molten
                  | scales. (AC +2) [demonic ancestry]
   593 | D:1      | Reached XP level 3. HP: 26/26 MP: 4/4
   838 | D:2      | Reached skill level 2 in Long Blades
  1432 | D:2      | Gained mutation: You are mostly covered in molten scales.
                  | (AC +3) [demonic ancestry]
  1432 | D:2      | Reached XP level 4. HP: 29/32 MP: 5/5
  1667 | D:3      | You fall into a shaft and drop 2 floors!
  1667 | D:5      | Entered Level 5 of the Dungeon
  1704 | D:5      | Splashed by a jelly's acid

Vanquished Creatures
  2 adders (D:2)
  3 worms (D:2)
  A dart slug (D:1)
  2 orcs (D:5)
  7 endoplasms
  2 giant cockroaches (D:1)
  3 goblins
  5 hobgoblins
  10 kobolds
  4 ball pythons
  4 bats
  3 frilled lizards (D:2)
  4 rats (D:1)
50 creatures vanquished.

Table legend: (Time is in decaauts)
 A = Elapsed time spent in this place.
 B = Non-inter-level travel time spent in this place.
 C = Inter-level travel time spent in this place.
 D = Time resting spent in this place.
 E = Time spent auto-exploring this place.
 F = Levels seen in this place.
 G = Mean time per level.
                   A        B        C        D        E       F      G
               +--------+--------+--------+--------+--------+-----+--------+
         Total |   1731 |   1696 |     35 |      0 |   1377 |   4 |  432.8 |
       Dungeon |   1731 |   1696 |     35 |      0 |   1377 |   4 |  432.8 |
               +--------+--------+--------+--------+--------+-----+--------+

Top non-repeatable levels by time:
     D:2: 847 daAuts
     D:1: 732 daAuts
     D:3: 115 daAuts
     D:5: 37 daAuts

Table legend:
 A = Non-vault XP
 B = Vault XP
 C = Vault XP percentage of total XP
 D = Non-vault monster count
 E = Vault monster count
 F = Vault count percentage of total count
                 A         B        C        D         E       F
            +---------+---------+-------+---------+---------+-------
      Total |     112 |       5 |   4.3 |      49 |       1 |   2.0
            +---------+---------+-------+---------+---------+-------
        D:1 |      43 |       0 |   0.0 |      27 |       0 |   0.0
        D:2 |      57 |       5 |   8.1 |      17 |       1 |   5.6
        D:3 |       6 |       0 |   0.0 |       3 |       0 |   0.0
        D:5 |       6 |       0 |   0.0 |       2 |       0 |   0.0
            +---------+---------+-------+---------+---------+-------
